 Dungeon Crawl Stone Soup version 0.23-a0-164-g7711e57 (webtiles) character file.

5942 Amnesiac the Chiller (level 10, 0/70 HPs)
             Began as a Mummy Ice Elementalist on Sept 10, 2018.
             Was a Priest of Vehumet.
             Slain by an ogre
             ... wielding a +0 giant club
              (16 damage)
             ... on level 10 of the Dungeon.
             The game lasted 00:23:33 (10664 turns).

Amnesiac the Chiller (Mummy Ice Elementalist)      Turns: 10664, Time: 00:23:34

Health: 0/70       AC:  5    Str: 13    XL:     10   Next: 54%
Magic:  2/21       EV: 17    Int: 17    God:    Vehumet [***...]
Gold:   484        SH:  8    Dex: 12    Spells: 9/24 levels left

rFire    x . .     SeeInvis .   a - staff of cold
rCold    + + .     Gourm    .   z - +3 buckler
rNeg     + + +     Faith    +   l - +0 robe
rPois    ∞         Spirit   .   (no helmet)
rElec    .         Reflect  .   (no cloak)
rCorr    +         Harm     .   i - +2 pair of gloves
MR       +....                  (no boots)
Stlth    ++........             p - amulet of faith
HPRegen  0.21/turn              u - +3 ring of evasion
MPRegen  0.17/turn              c - ring of resist corrosion

@: no status effects
A: no food or potions, fire vulnerability, cold resistance 1, negative energy
resistance 3, torment resistance, unbreathing
a: Renounce Religion


You were on level 10 of the Dungeon.
You worshipped Vehumet.
Vehumet was most pleased with you.
You were not hungry.

You visited 2 branches of the dungeon, and saw 11 of its levels.

You collected 484 gold pieces.

Inventory:

Hand Weapons
 b - a +2 spear of venom (quivered)
Armour
 e - a +0 crystal plate armour
 i - a +2 pair of gloves (worn)
 l - a +0 robe (worn)
 z - a +3 buckler (worn)
Magical Staves
 a - an uncursed staff of cold (weapon)
Jewellery
 c - a ring of resist corrosion (right hand)
 p - an amulet of faith (around neck)
 u - a +3 ring of evasion (left hand)
Wands
 d - a wand of polymorph (8)
 m - a wand of flame (3)
 q - a wand of scattershot (2)
 t - a wand of enslavement (12)
 x - a wand of random effects (31)
Scrolls
 f - 5 scrolls of magic mapping {!r}
 h - a scroll of fear {!r}
 k - 2 scrolls of amnesia {!r}
 n - 2 scrolls of immolation {!r}
 o - 2 scrolls of remove curse {!r}
 r - a scroll of blinking {!r}
 s - a scroll of fog {!r}
 v - a scroll of brand weapon {!r}
 w - 2 scrolls of teleportation {!r}


   Skills:
 + Level 3.5 Fighting
 - Level 4.4 Dodging
 - Level 1.5 Stealth
 - Level 4.0 Shields
 + Level 7.5 Spellcasting
 * Level 7.5 Conjurations
 * Level 7.6 Ice Magic


You had 9 spell levels left.
You knew the following spells:

 Your Spells              Type           Power        Failure   Level  Hunger
a - Throw Icicle          Conj/Ice       #####...     1%          4    N/A
b - Summon Ice Beast      Ice/Summ       ####....     22%         4    N/A
d - Freeze                Ice            ####         1%          1    N/A
e - Mephitic Cloud        Conj/Pois/Air  ##......     3%          3    N/A
z - Ozocubu's Armour      Chrm/Ice       ####....     7%          3    N/A

Your spell library contained the following spells:

 Spells                   Type           Power        Failure   Level  Hunger
 Dazzling Spray           Conj/Hex       ###...       1%          3    N/A
 Throw Frost              Conj/Ice       #####.       1%          2    N/A
 Infusion                 Chrm           #...         11%         1    N/A
 Shroud of Golubria       Chrm/Tloc      #.........   17%         2    N/A
 Song of Slaying          Chrm           #.......     17%         2    N/A
 Spectral Weapon          Hex/Chrm       #.......     32%         3    N/A
 Regeneration             Chrm/Necr      Unusable     N/A         3    N/A

Dungeon Overview and Level Annotations

Branches:
Dungeon (10/15)            Temple (1/1) D:5            Lair (0/6) D:9
    Orc: D:9-12

Altars:
Ashenzari
Cheibriados
Dithmenos
Elyvilon
Fedhas
Gozag
Hepliaklqana
Kikubaaqudgha
Makhleb
Nemelex Xobeh
Okawaru
Qazlal
Ru
Sif Muna
Trog
Uskayaw
Vehumet
Wu Jian
Xom
Yredelemnul
Zin
The Shining One

Shops:
D:3 *   D:10 %

Annotations:
D:5 exclusion: oklob sapling


Innate Abilities, Weirdness & Mutations

You do not eat or drink.
Your flesh is vulnerable to fire.
You are immune to poison.
Your flesh is cold resistant. (rC+)
You are immune to negative energy. (rN+++)
You are immune to unholy pain and torment.
You can survive without breathing.


Message History

The tengu warrior blocks the burst of metal fragments.
The burst of metal fragments hits the tengu warrior.
The tengu warrior blocks the burst of metal fragments. x2
The tengu warrior is severely wounded.
The tengu warrior hits you with a long sword!
* * * LOW HITPOINT WARNING * * *
The tengu warrior pecks you but does no damage.
The tengu warrior closely misses you.
Evoke which item? (* to show all) (? for menu, Esc to quit)
Okay, then.
Evoke which item? (* to show all) (? for menu, Esc to quit)
Aiming: Scattershot
Press: ? - help, Shift-Dir - straight line, f/p - tengu warrior
Aim: a tengu warrior, wielding a long sword, wearing a leather armour and The tengu warrior blocks the burst of metal fragments.
The burst of metal fragments hits the tengu warrior.
The tengu warrior is almost dead.
The tengu warrior hits you with a long sword.
* * * LOW HITPOINT WARNING * * *
The tengu warrior pecks you.
* * * LOW HITPOINT WARNING * * *
The tengu warrior claws you.
* * * LOW HITPOINT WARNING * * *
Evoke which item? (* to show all) (? for menu, Esc to quit)
Aiming: Scattershot
Press: ? - help, Shift-Dir - straight line, f/p - tengu warrior
Aim: a tengu warrior, wielding a long sword, wearing a leather armour and The tengu warrior blocks the burst of metal fragments.
The tengu warrior is severely wounded.
The tengu warrior hits you with a long sword.
* * * LOW HITPOINT WARNING * * *
The tengu warrior pecks you.
* * * LOW HITPOINT WARNING * * *
The tengu warrior claws you.
* * * LOW HITPOINT WARNING * * *
Really read
h - 2 scrolls of fear {!r}?
As you read the scroll of fear {!r}, it crumbles to dust.
You assume a fearsome visage.
The tengu warrior looks frightened!
Evoke which item? (* to show all) (? for menu, Esc to quit)
Okay, then.
The tengu warrior howls in fear.
A tengu warrior opens the door.
The tengu warrior begs, "Please don't kill me!"
The tengu warrior attempts to regain its composure.
There is an open door here.
The tengu warrior seems to regain its courage.
Casting: Freeze (safe; 1% risk of failure)
Confirm with . or Enter, or press ? or * to list all spells.
You can't see any susceptible monsters within range! (Use Z to cast anyway.)
The tengu warrior begs for mercy.
Casting: Freeze (safe; 1% risk of failure)
Confirm with . or Enter, or press ? or * to list all spells.
Aiming: Throw Icicle (safe; 1% risk of failure)
Press: ? - help, Shift-Dir - straight line, f/p - tengu warrior
Aim: a tengu warrior, wielding a long sword, wearing a leather armour and You feel a surge of power!
The tengu warrior blocks the shard of ice.
A tengu warrior opens the door.
An ogre comes into view. It is wielding a giant club.
The ogre shouts!
You hear an angry hiss.
You hear a screech!
The ogre moves out of view.
A hippogriff and a wyvern come into view.
The ogre hits you with a giant club!
You die...

..... .'). .....
.#. ......#
......#####+#####
#+##
................#
#Q..# ###......
.....# #.....
..#....#
#...##...#
..##...#
#...#...#
...#...# #...@..#
...'...#
#...#O.l#
...#...#
#...##...#
##'#...######...#
#..H..
................#
#...#
##+###..........#
#'##
#..............
...
#..............
..
#.....#########


You could see a tengu warrior (fleeing), a hippogriff, a wyvern (wandering) and
an ogre.

Vanquished Creatures
  A two-headed ogre (D:7)
  Pikel (D:5)
  Prince Ribbit (D:7)
  Grinder (D:5)
  A hippogriff (D:9)
  A spriggan (D:8)
  5 yaks (D:9)
  Grum (D:10)
  Menkaure (D:5)
  A water moccasin (D:7)
  4 slaves (D:5)
  An ice beast (D:8)
  2 sky beasts
  2 orc warriors (D:10)
  2 ogres
  A phantom (D:8)
  3 wolves (D:10)
  2 centaurs (D:9)
  A big kobold (D:10)
  3 bullfrogs
  A wyvern zombie (D:10)
  2 scorpions
  4 wights
  3 electric eels (D:4)
  2 howler monkeys (D:7)
  3 crimson imps (D:10)
  A centaur zombie (D:9)
  2 jellies (D:10)
  A bullfrog zombie (D:5)
  3 hounds
  3 orc priests
  A bullfrog skeleton (D:7)
  3 iguanas
  9 orc wizards
  7 worker ants
  A hound skeleton (D:7)
  7 gnolls
  A howler monkey skeleton (D:4)
  10 adders
  4 shadow imps
  An adder skeleton (D:7)
  A worm (D:3)
  3 dart slugs
  3 leopard geckos
  29 orcs
  3 giant cockroaches
  2 goblins
  2 hobgoblins (D:1)
  6 jackals (D:3)
  2 quokkas (D:9)
  5 ball pythons
  3 bats
  3 kobolds
  A quokka skeleton (D:5)
  2 quokka zombies
  5 rats
  A plant (D:5)
175 creatures vanquished.

Vanquished Creatures (others)
  3 plants
3 creatures vanquished.

Grand Total: 178 creatures vanquished

Notes
Turn   | Place    | Note
-------+----------+-------------------------------------------
     0 | D:1      | Amnesiac the Mummy Ice Elementalist began the quest for the
                  | Orb.
     0 | D:1      | Reached XP level 1. HP: 13/13 MP: 4/4
   146 | D:1      | Reached XP level 2. HP: 19/19 MP: 5/5
   523 | D:2      | Found a snail-covered altar of Cheibriados.
   525 | D:2      | Found a hazy altar of Hepliaklqana.
   530 | D:2      | Found a glowing golden altar of the Shining One.
   533 | D:2      | Found a sparkling altar of Nemelex Xobeh.
   536 | D:2      | Found a hide-covered altar of Uskayaw.
   622 | D:3      | Reached XP level 3. HP: 20/25 MP: 5/7
   673 | D:3      | Reached skill level 1 in Fighting
   731 | D:3      | Found an ornate altar of the Wu Jian Council.
  1117 | D:3      | Reached XP level 4. HP: 21/32 MP: 4/9
  1210 | D:3      | Learned a level 3 spell: Ozocubu's Armour
  1215 | D:3      | Learned a level 4 spell: Throw Icicle
  1464 | D:4      | Noticed a bullfrog
  1473 | D:4      | Killed a bullfrog
  1473 | D:4      | Reached XP level 5. HP: 31/37 MP: 3/11
  1815 | D:5      | Entered Level 5 of the Dungeon
  1815 | D:5      | Noticed Grinder
  1855 | D:4      | Found a transporter.
  1868 | D:4      | Found a transporter.
  2206 | D:5      | Killed Grinder
  2206 | D:5      | Reached XP level 6. HP: 20/43 MP: 11/13
  2383 | D:5      | Found a staircase to the Ecumenical Temple.
  2589 | Temple   | Entered the Ecumenical Temple
  2622 | Temple   | Became a worshipper of Vehumet
  2865 | D:4      | Reached skill level 1 in Conjurations
  2869 | D:4      | Reached skill level 5 in Spellcasting
  2869 | D:4      | Reached skill level 5 in Ice Magic
  2869 | D:4      | Reached XP level 7. HP: 36/48 MP: 14/14
  3792 | D:3      | Found an opulent altar of Gozag.
  3796 | D:3      | Found Gozag's Platinum Reserve.
  4185 | D:5      | Reached skill level 1 in Shields
  4510 | D:5      | Learned a level 4 spell: Summon Ice Beast
  4793 | D:5      | Noticed Pikel
  4805 | D:5      | Killed Pikel
  4805 | D:5      | Reached * piety under Vehumet
  4805 | D:5      | Offered knowledge of Sting by Vehumet.
  4805 | D:5      | Reached XP level 8. HP: 40/54 MP: 0/17
  5315 | D:5      | Noticed Menkaure
  5322 | D:5      | Killed Menkaure
  6302 | D:7      | Noticed a two-headed ogre
  6321 | D:7      | Killed a two-headed ogre
  6321 | D:7      | Reached skill level 5 in Conjurations
  6321 | D:7      | Reached XP level 9. HP: 44/59 MP: 3/18
  7103 | D:7      | Noticed Prince Ribbit
  7265 | D:7      | Killed Prince Ribbit
  7687 | D:8      | Found an iron altar of Okawaru.
  8011 | D:8      | Reached ** piety under Vehumet
  8011 | D:8      | Offered knowledge of Throw Flame by Vehumet.
  8020 | D:8      | Found a shadowy altar of Dithmenos.
  8282 | D:9      | Found a shimmering altar of Xom.
  8543 | D:9      | Reached XP level 10. HP: 61/67 MP: 5/20
  8847 | D:9      | Found a staircase to the Lair.
  8939 | D:9      | Found a glowing silver altar of Zin.
  9123 | D:9      | Offered knowledge of Mephitic Cloud by Vehumet.
  9163 | D:8      | Learned a level 3 spell: Mephitic Cloud
  9307 | D:9      | Reached *** piety under Vehumet
  9718 | D:10     | Entered Level 10 of the Dungeon
  9921 | D:10     | Offered knowledge of Dazzling Spray by Vehumet.
 10059 | D:10     | Found Wousait's Food Shop.
 10415 | D:10     | Noticed Grum
 10450 | D:10     | Killed Grum
 10622 | D:10     | Noticed a tengu warrior
 10664 | D:10     | Slain by an ogre

Vault maps used:
D:1:      lightli_arrival_quake
D:2:      minitemple
D:3:      lemuel_round_altar, nicolae_gozag_zags_fifth_avenue
D:4:      gammafunk_steamed_eel, first_ration
D:5:      minmay_temple_entry_oklob, uniq_pikel, uniq_grinder, uniq_menkaure
D:7:      uniq_prince_ribbit1
D:8:      lemuel_crystal_altar, grunt_dithmenos_shadows, the_bakery
D:9:      overflow_temple_1_default, lair_entry_dummy, xom_teletrap_fun
D:10:     minmay_the_grid_plus, serial_shops, shop, kennysheep_nub, uniq_grum
Temple:   minmay_temple_bridge_abc

Skill      XL: |  1  2  3  4  5  6  7  8  9 10 |
---------------+-------------------------------+-----
Ice Magic      | 3 4 5 6 7 |  7.6
Spellcasting   | 3 4 5 6 7 |  7.5
Fighting       | 1 2 3 |  3.5
Dodging        | 2 4 |  4.4
Conjurations   | 1 2 5 6 7 |  7.5
Shields        | 2 4 |  4.0
Stealth        | |  1.5

Action                   |  1- 3 |  4- 6 |  7- 9 | 10-12 || total
-------------------------+-------+-------+-------+-------++-------
Melee: Unarmed           |     3 |       |       |       ||     3
       Spear             |       |    58 |   156 |     5 ||   219
       Staff             |       |       |     1 |    56 ||    57
 Fire: Hunting sling     |    57 |    51 |    87 |       ||   195
 Cast: Freeze            |    14 |    24 |   102 |    48 ||   188
       Throw Icicle      |       |       |    53 |    62 ||   115
       Ozocubu's Armour  |       |       |     1 |       ||     1
Evoke: Wand              |       |     3 |    11 |     9 ||    23
  Use: Scroll            |       |     1 |    11 |     4 ||    16
 Stab: Sleeping          |       |       |     2 |       ||     2
       Distracted        |       |       |     1 |       ||     1
Armor: Robe              |     1 |     5 |    28 |    20 ||    54
Dodge: Dodged            |    12 |    16 |   160 |    89 ||   277
Block: Buckler           |       |       |    44 |    44 ||    88

Table legend:
 A = Non-vault XP
 B = Vault XP
 C = Vault XP percentage of total XP
 D = Non-vault monster count
 E = Vault monster count
 F = Vault count percentage of total count
                 A         B        C        D         E       F
            +---------+---------+-------+---------+---------+-------
      Total |    5932 |    2557 |  30.1 |     154 |      16 |   9.4
            +---------+---------+-------+---------+---------+-------
        D:1 |      16 |       0 |   0.0 |       7 |       0 |   0.0
        D:2 |      59 |       0 |   0.0 |      14 |       0 |   0.0
        D:3 |     144 |       0 |   0.0 |      24 |       0 |   0.0
        D:4 |     200 |     161 |  44.6 |      10 |       3 |  23.1
        D:5 |     495 |    1080 |  68.6 |      10 |       3 |  23.1
        D:6 |     227 |       0 |   0.0 |      16 |       0 |   0.0
        D:7 |    1683 |     268 |  13.7 |      17 |       1 |   5.6
        D:8 |     369 |     341 |  48.0 |       6 |       2 |  25.0
        D:9 |    1976 |       0 |   0.0 |      36 |       0 |   0.0
       D:10 |     763 |     707 |  48.1 |      14 |       7 |  33.3
            +---------+---------+-------+---------+---------+-------
